 Dungeon Crawl Stone Soup version 0.29.0-5-ge4962eb29e (webtiles) character file.

Game seed: 12376067065130787896

205 Sobieck the Sneak (level 5, 0/24 HPs)
             Began as a Vine Stalker Earth Elementalist on Aug 29, 2022.
             Splashed by a jelly's acid (1 damage)
             ... on level 4 of the Dungeon.
             The game lasted 00:05:43 (2438 turns).

Sobieck the Sneak (Vine Stalker Earth Elementalist) Turns: 2438, Time: 00:05:44

Health: 0/24       AC:  3    Str: 11    XL:     5   Next: 83%
Magic:  0/9        EV: 12    Int: 17    God:
Gold:   145        SH:  5    Dex: 14    Spells: 1/8 levels left

rFire   . . .      SeeInvis .   b - +0 short sword (elec) {short}
rCold   . . .      Faith    .   (no shield)
rNeg    . . .      Spirit   +   d - +0 robe
rPois   .          Reflect  +   (no helmet)
rElec   .          Harm     .   g - +0 cloak
rCorr   .          Rampage  .   (no gloves)
Will    .....                   (no boots)
Stlth   +++.......              h - amulet of reflection
HPRegen 0.88/turn               p - ring of wizardry
MPRegen 0.11/turn               (no ring)

@: lethally poisoned (0 -> 0)
A: fangs 2, regeneration 1, magic shield, antimagic bite, no potion heal 2
a: no special abilities


You were on level 4 of the Dungeon.
You visited 1 branch of the dungeon, and saw 4 of its levels.

You collected 145 gold pieces.


Innate Abilities, Weirdness & Mutations

You have extremely sharp teeth.
Your natural rate of healing is unusually fast.
When hurt, damage is shared between your health and your magic reserves.
Your bite disrupts and absorbs the magic of your enemies.
Potions cannot restore your health.


   Skills:
 * Level 3.1 Short Blades
 - Level 1.5 Dodging
 + Level 4.4 Stealth
 - Level 2.1 Spellcasting
 - Level 1.0 Transmutations
 + Level 4.1 Earth Magic


You had one spell level left.
You knew the following spells:

 Your Spells              Type           Power      Damage    Failure   Level
a - Sandblast             Erth           32%        2d9       1%          1
b - Passwall              Tmut/Erth      8%         N/A       4%          2
c - Petrify               Tmut/Erth      10%        N/A       26%         4

Your spell library contained the following spells:

 Spells                   Type           Power      Damage    Failure   Level
 Stone Arrow              Conj/Erth      16%        3d8       10%         3
 Blink                    Tloc           2%         N/A       12%         2
 Static Discharge         Conj/Air       1%         3-4/arc   12%         2
 Lesser Beckoning         Tloc           1%         N/A       22%         3
 Dispel Undead            Necr           1%         3d6       56%         4
 Sticky Flame             Conj/Fire      1%         2d3       56%         4
 Manifold Assault         Tloc           1%         N/A       88%         5

Inventory:

Hand Weapons
 a - a +2 mace of draining {mace}
   (You found it on level 1 of the Dungeon)
 b - a +0 short sword of electrocution (weapon) {short}
   (You took it off a kobold on level 2 of the Dungeon)
 i - a +0 dagger {short}
   (You took it off a goblin on level 1 of the Dungeon)
 r - a +0 rapier {short}
   (You found it on level 2 of the Dungeon)
 A - a +0 dagger of electrocution {short}
   (You took it off a goblin on level 3 of the Dungeon)
Missiles
 e - 28 stones {throwing}
 j - a boomerang {throwing}
Armour
 d - a +0 robe (worn)
 g - a +0 cloak (worn)
   (You found it on level 1 of the Dungeon)
 l - a +0 ring mail
   (You found it on level 2 of the Dungeon)
 m - a +0 robe
   (You took it off Jessica on level 2 of the Dungeon)
 q - a +0 leather armour
   (You found it on level 2 of the Dungeon)
 t - a +0 leather armour
   (You found it on level 2 of the Dungeon)
 v - a +0 leather armour
   (You found it on level 2 of the Dungeon)
 y - a +0 chain mail
   (You took it off an orc on level 3 of the Dungeon)
 z - a +0 scale mail
   (You took it off an orc on level 3 of the Dungeon)
 F - a +0 chain mail
   (You found it on level 3 of the Dungeon)
Jewellery
 h - an amulet of reflection (around neck)
   (You found it on level 1 of the Dungeon)
 p - a ring of wizardry (left hand)
   (You found it on level 2 of the Dungeon)
Wands
 x - a wand of paralysis (10)
   (You found it on level 2 of the Dungeon)
 D - a wand of quicksilver (8)
   (You found it on level 3 of the Dungeon)
Scrolls
 c - 2 scrolls of noise {unknown}
 w - a scroll of identify {unknown}
 B - a scroll of enchant armour {unknown}
 C - a scroll of teleportation {unknown}
 E - a scroll of magic mapping {unknown}
Potions
 f - 2 potions of resistance {unknown}
 k - 3 potions of curing {unknown}
 n - a potion of lignification {unknown}
 o - a potion of magic
 s - a potion of haste {unknown}
 u - 2 potions of cancellation {unknown}
 G - a potion of degeneration {unknown}

Dungeon Overview and Level Annotations

Branches:
Dungeon (4/15) Zot: 21539
 Temple: D:4-7

Altars:

### .#
###..########.#
#..............
#...$.. .....
#....# #...
###...@###.##
......J......#
.............#
.............#
....##..###<##
#### #..# ###
#.... #....
#...


You could see a jelly.


Message History

Found a stone staircase leading down.
Unknown command.
There is a stone staircase leading down here.
G - a purple potion An endoplasm comes into view.
Danger!
The helpless endoplasm fails to defend itself.
You impale the endoplasm!!
Lightning courses through the endoplasm!!
You kill the endoplasm!
An endoplasm comes into view.
Danger!
The endoplasm quivers.
You hit the endoplasm. The endoplasm freezes you.
You are frozen.
You hit the endoplasm.
Lightning courses through the endoplasm!
You kill the endoplasm!
No target in view!
A frilled lizard comes into view.
Danger!
You can't see any susceptible monsters within range! (Use Z to cast anyway.)
The blast of sand hits the frilled lizard.
You kill the frilled lizard!
An adder comes into view.
Danger!
The helpless adder fails to defend itself.
You puncture the adder!
You kill the adder!
Your Earth Magic skill increases to level 4!
Unknown command.
Found a stone staircase leading down.
There is a stone staircase leading down here.
There is a stone staircase leading down here.
You see here an adder corpse.
A goblin comes into view. It is wielding a +0 club.
Danger!
The goblin misses you.
You barely miss the goblin. You bite the goblin. You drain its power.
You block the goblin's attack.
You barely miss the goblin. The goblin hits you but does no damage.
You completely miss the goblin. Your bite misses the goblin.
You block the goblin's attack.
You closely miss the goblin. Your bite misses the goblin.
The goblin hits you but does no damage.
You closely miss the goblin. You bite the goblin, but do no damage.
You block the goblin's attack.
You hit the goblin. Lightning courses through the goblin!
You kill the goblin!
No target in view!
You see here a +0 club {mace}.
Done exploring.
Done exploring.
(D) Dungeon
Where to? (Enter - D:2 @ (x,y), ? - help)
There is a stone staircase leading down here.
You climb downwards.
You hear the sound of rushing water.
There is an entrance to a sewer on this level.
Hurry and find it before the portal rusts away!
There is a stone staircase leading up here.
Danger!
Unknown command.
Unknown command.
You can't see any susceptible monsters within range! (Use Z to cast anyway.)
A jelly comes into view.
The blast of sand hits the scorpion but does no damage.
Unknown command.
You hit the scorpion but do no damage. The scorpion completely misses you.
You hit the scorpion.
You bite the scorpion, but do no damage.
The scorpion stings you.
You are poisoned.
The scorpion poisons you!
You hit the scorpion but do no damage. Lightning courses through the scorpion!
You kill the scorpion!
You feel very sick.
Your Short Blades skill increases to level 3!
Unknown command.
You feel sick.
You see here a scorpion corpse.
You hit the jelly but do no damage.
Your hands burn!
You bite the jelly, but do no damage.
You feel sick. You block the jelly's attack.
You hit the jelly.
Your hands burn!
You bite the jelly, but do no damage.
You feel sick. The jelly barely misses you.
Unknown command.
You hit the jelly.
Your hands burn!
You feel sick. The jelly hits you.
* * * LOW HITPOINT WARNING * * *
You are splashed with acid.
* * * LOW HITPOINT WARNING * * *
You hit the jelly. Lightning courses through the jelly!
Your hands burn!
* * * LOW HITPOINT WARNING * * *
You feel sick. The jelly hits you.
You are splashed with acid!
* * * LOW HITPOINT WARNING * * *
Unknown command.
Okay, then.
Unknown command.
You hit the jelly.
Your hands burn!
You die...

Skill      XL: |  1  2  3  4  5 |
---------------+----------------+-----
Stealth        | 3 4 |  4.4
Short Blades   | 1 2 3 |  3.1
Earth Magic    | 4 |  4.1
Dodging        | |  1.5
Spellcasting   | |  2.1
Transmutations | |  1.0

Action                   |  1- 3 |  4- 6 || total
-------------------------+-------+-------++-------
Melee: Dagger            |    32 |       ||    32
       Bite              |    20 |    13 ||    33
       Mace              |    33 |       ||    33
       Short sword       |       |    55 ||    55
       Rapier            |       |     1 ||     1
 Cast: Sandblast         |    10 |    17 ||    27
       Passwall          |       |     1 ||     1
 Stab: Sleeping          |     4 |     8 ||    12
Armor: Robe              |    13 |     5 ||    18
Dodge: Dodged            |    46 |    18 ||    64
Block: Other             |    12 |     8 ||    20
       Reflection        |     2 |       ||     2

Levels and vault maps discovered:
D:1:      ldierk_walled_garden, layout_loops_ring,
          shapermc_ecumenical_altar_pompeii
D:2:      layout_rooms, uniq_jessica
D:3:      layout_basic
D:4:      layout_gridville, serial_shops, shop, portal_sewer_entry_a

Notes
Turn   | Place    | Note
-------+----------+-------------------------------------------
     0 | D:1      | Sobieck the Vine Stalker Earth Elementalist began the quest
                  | for the Orb.
     0 | D:1      | Reached XP level 1. HP: 9/9 MP: 4/4
   203 | D:1      | Reached XP level 2. HP: 13/13 MP: 4/6
   220 | D:1      | Reached skill level 3 in Stealth
   252 | D:1      | You pick up a book of Spatial Translocations and begin
                  | reading...
   252 | D:1      | You add the spells Blink, Lesser Beckoning and Manifold
                  | Assault to your library.
   507 | D:1      | Found a faded altar of an unknown god.
   833 | D:2      | Reached skill level 1 in Short Blades
   920 | D:2      | Reached XP level 3. HP: 16/16 MP: 7/7
  1099 | D:2      | Noticed Jessica
  1143 | D:2      | Killed Jessica
  1144 | D:2      | Gained mutation: Your natural rate of healing is unusually
                  | fast. [Vine Stalker growth]
  1144 | D:2      | Reached XP level 4. HP: 21/21 MP: 5/8
  1178 | D:2      | Learned a level 2 spell: Passwall
  1183 | D:2      | Learned a level 4 spell: Petrify
  1249 | D:2      | Reached skill level 2 in Short Blades
  1867 | D:3      | Reached XP level 5. HP: 24/24 MP: 5/9
  1875 | D:3      | Reached skill level 4 in Stealth
  2075 | D:3      | You pick up a book of Touch and begin reading...
  2075 | D:3      | You add the spells Static Discharge, Sticky Flame and
                  | Dispel Undead to your library.
  2342 | D:3      | Reached skill level 4 in Earth Magic
  2433 | D:4      | Reached skill level 3 in Short Blades
  2436 | D:4      | HP: 6/24 [acid (4)]
  2437 | D:4      | HP: 1/24 [acid (4)]
  2438 | D:4      | Splashed by a jelly's acid

Vanquished Creatures
  A scorpion (D:4)
  Jessica (D:2)
  4 adders
  A shadow imp (D:3)
  4 dart slugs
  6 orcs
  4 endoplasms
  3 giant cockroaches
  11 goblins
  2 hobgoblins
  4 jackals
  A quokka (D:1)
  4 ball pythons (D:2)
  4 bats
  7 frilled lizards
  4 kobolds
  6 rats
67 creatures vanquished.

Vanquished Creatures (others)
  5 toadstools (D:1)
5 creatures vanquished.

Grand Total: 72 creatures vanquished

Table legend:
 A = Non-vault XP
 B = Vault XP
 C = Vault XP percentage of total XP
 D = Non-vault monster count
 E = Vault monster count
 F = Vault count percentage of total count
                 A         B        C        D         E       F
            +---------+---------+-------+---------+---------+-------
      Total |     257 |      37 |  12.6 |      66 |       1 |   1.5
            +---------+---------+-------+---------+---------+-------
        D:1 |      25 |       0 |   0.0 |      14 |       0 |   0.0
        D:2 |      55 |      37 |  40.2 |      24 |       1 |   4.0
        D:3 |      94 |       0 |   0.0 |      27 |       0 |   0.0
        D:4 |      83 |       0 |   0.0 |       1 |       0 |   0.0
            +---------+---------+-------+---------+---------+-------

Illustrated notes

Table legend:
 A = Kills in this place as a percentage of kills in entire the game.
 B = Kills by you in this place as a percentage of kills by you in the entire game.
 C = Kills by friends in this place as a percentage of kills by friends in the entire game.
 D = Other kills in this place as a percentage of other kills in the entire game.
 E = Experience gained in this place as a percentage of experience gained in the entire game.
 F = Experience gained in this place divided by the number of levels of this place that you have seen.
                   A       B       C       D       E      F
               +-------+-------+-------+-------+-------+----------------------
         Total | 100.0 | 100.0 |   N/A |   N/A | 100.0 |  73.5
       Dungeon | 100.0 | 100.0 |   N/A |   N/A | 100.0 |  73.5
               +-------+-------+-------+-------+-------+----------------------

Table legend: (Time is in decaauts)
 A = Elapsed time spent in this place.
 B = Non-inter-level travel time spent in this place.
 C = Inter-level travel time spent in this place.
 D = Time resting spent in this place.
 E = Time spent auto-exploring this place.
 F = Levels seen in this place.
 G = Mean time per level.
                   A        B        C        D        E       F      G
               +--------+--------+--------+--------+--------+-----+--------+
         Total |   2460 |   2367 |     93 |     87 |   1753 |   4 |  615.0 |
       Dungeon |   2460 |   2367 |     93 |     87 |   1753 |   4 |  615.0 |
               +--------+--------+--------+--------+--------+-----+--------+

Top non-repeatable levels by time:
     D:3: 875 daAuts
     D:1: 829 daAuts
     D:2: 742 daAuts
     D:4: 13 daAuts
